 Dungeon Crawl Stone Soup version 0.23-a0-269-g65e0026 (webtiles) character file.

24 Amnesiac the Digger (level 3, 0/26 HPs)
             Began as a Ghoul Earth Elementalist on Sept 30, 2018.
             Slain by a quokka (2 damage)
             ... on level 3 of the Dungeon.
             The game lasted 00:01:47 (472 turns).

Amnesiac the Digger (Ghoul Earth Elementalist)       Turns: 472, Time: 00:01:47

Health: 0/26       AC:  2    Str: 11    XL:     3   Next: 2%
Magic:  0/5        EV: 12    Int: 11    God:
Gold:   66         SH:  0    Dex:  9    Spells: 3/6 levels left

rFire    . . .     SeeInvis .   m - -3 dagger (curse)
rCold    + . .     Gourm    .   (no shield)
rNeg     + + +     Faith    .   c - +0 robe
rPois    ∞         Spirit   .   (no helmet)
rElec    .         Reflect  .   (no cloak)
rCorr    .         Harm     .   (no gloves)
MR       .....                  (no boots)
Stlth    ++........             (no amulet)
HPRegen  0.00/turn              (no ring)
MPRegen  0.09/turn              (no ring)

@: rotting
A: rotting body, claws 1, carnivore, cold resistance 1, negative energy
resistance 3, inhibited regeneration, torment resistance, unbreathing
a: no special abilities


You were on level 3 of the Dungeon.
You were not hungry.

You visited 1 branch of the dungeon, and saw 3 of its levels.

You collected 66 gold pieces.

Inventory:

Hand Weapons
 h - a +3 vampiric whip
 m - a cursed -3 dagger (weapon)
Missiles
 b - 33 stones (quivered)
Armour
 c - a +0 robe (worn)
 k - a +0 ring mail
Scrolls
 n - a scroll of teleportation {!r}
Potions
 j - a potion of flight {!q}
Comestibles
 d - 2 rations


   Skills:
 - Level 1.7 Dodging
 - Level 2.1 Stealth
 + Level 2.1 Spellcasting
 - Level 0.8 Transmutations
 * Level 4.1 Earth Magic


You had 3 spell levels left.
You knew the following spells:

 Your Spells              Type           Power        Failure   Level  Hunger
a - Sandblast             Erth           ##....       5%          1    ##.....
b - Passwall              Tmut/Erth      #.......     16%         2    ###....

Your spell library contained the following spells:

 Spells                   Type           Power        Failure   Level  Hunger
 Stone Arrow              Conj/Erth      #.....       36%         3    ####...
 Petrify                  Tmut/Erth      #.......     71%         4    #####..
 Lee's Rapid Deconstruct  Erth           ##........   82%         5    ######.


Dungeon Overview and Level Annotations

Branches:
Dungeon (3/15)

Altars:


Innate Abilities, Weirdness & Mutations

Your body is rotting away.
You thrive on raw meat.
You are immune to poison.
You have sharp fingernails.
You are carnivorous and can eat meat at any time.
Your flesh is cold resistant. (rC+)
You are immune to negative energy. (rN+++)
You do not regenerate when monsters are visible.
You are immune to unholy pain and torment.
You can survive without breathing.


Message History

b - 35 stones Eat one of 2 chunks of flesh? (ye/n/q)
You eat one of the 2 chunks of flesh.
This raw flesh tastes great!
Eat a chunk of flesh? (ye/n/q)
You eat the chunk of flesh.
This raw flesh tastes great!
Casting: Sandblast (safe; 5% risk of failure)
Confirm with . or Enter, or press ? or * to list all spells.
You don't have enough magic to cast that spell.
Casting: Sandblast (safe; 5% risk of failure)
Confirm with . or Enter, or press ? or * to list all spells.
You don't have enough magic to cast that spell.
Casting: Sandblast (safe; 5% risk of failure)
Confirm with . or Enter, or press ? or * to list all spells.
You don't have enough magic to cast that spell.
Casting: Sandblast (safe; 5% risk of failure)
Confirm with . or Enter, or press ? or * to list all spells.
You don't have enough magic to cast that spell.
Casting: Sandblast (safe; 5% risk of failure)
Confirm with . or Enter, or press ? or * to list all spells.
Aiming: Sandblast (safe; 5% risk of failure)
Press: ? - help, Shift-Dir - straight line, f - quokka
Aim: a quokka The blast of sand misses the quokka.
b - 34 stones The quokka closely misses you.
Casting: Sandblast (safe; 5% risk of failure)
Confirm with . or Enter, or press ? or * to list all spells.
You don't have enough magic to cast that spell.
You hit the quokka.
The quokka is severely wounded.
The quokka closely misses you.
You miss the quokka.
The quokka is severely wounded.
The quokka bites you but does no damage.
The quokka barely misses you.
Casting: Sandblast (safe; 5% risk of failure)
Confirm with . or Enter, or press ? or * to list all spells.
You don't have enough magic to cast that spell.
You see here a bat skeleton.
Casting: Sandblast (safe; 5% risk of failure)
Confirm with . or Enter, or press ? or * to list all spells.
You don't have enough magic to cast that spell.
Casting: Sandblast (safe; 5% risk of failure)
Confirm with . or Enter, or press ? or * to list all spells.
You don't have enough magic to cast that spell.
The quokka bites you.
* * * LOW HITPOINT WARNING * * *
Casting: Sandblast (safe; 5% risk of failure)
Confirm with . or Enter, or press ? or * to list all spells.
Aiming: Sandblast (safe; 5% risk of failure)
Press: ? - help, Shift-Dir - straight line, f/p - quokka
Aim: a quokka (heavily wounded)
The blast of sand misses the quokka.
b - 33 stones The quokka misses you.
Casting: Sandblast (safe; 5% risk of failure)
Confirm with . or Enter, or press ? or * to list all spells.
You don't have enough magic to cast that spell.
The quokka bites you.
* * * LOW HITPOINT WARNING * * *
The quokka bites you.
* * * LOW HITPOINT WARNING * * *
The quokka bites you.
You die...

....##............#
#.####............# #.#
#............# #.#
#............# ..#
#............# ###
#............##########
#....<÷...............#
#.....................#
#..........@..........#
#####.##+###r.(.......#
#...........÷........#
###########..........#
#..........#
#..........#
#..........#
#..........#
#..........#


You could see a quokka.

Vanquished Creatures
  An adder (D:3)
  A dart slug (D:1)
  4 bats
  A giant cockroach (D:1)
  2 goblins
  3 frilled lizards (D:1)
  A kobold (D:3)
  2 rats (D:1)
15 creatures vanquished.

Notes
Turn   | Place    | Note
-------+----------+-------------------------------------------
     0 | D:1      | Amnesiac the Ghoul Earth Elementalist began the quest for
                  | the Orb.
     0 | D:1      | Reached XP level 1. HP: 14/14 MP: 2/2
   222 | D:1      | Reached XP level 2. HP: 15/20 MP: 0/4
   226 | D:1      | Learned a level 2 spell: Passwall
   440 | D:3      | HP: 1/20 [adder (4)]
   441 | D:3      | Reached skill level 4 in Earth Magic
   441 | D:3      | Reached XP level 3. HP: 1/26 MP: 0/5
   472 | D:3      | Slain by a quokka

Vault maps used:
D:1:      scummos_arrival_hexagon, minmay_tetromino_o4
D:2:      cheibrodos_pilgrimage, chequers_ecumenical_altar_simple_redux,
          first_ration, serial_bayou_pond_c, item_on_display_a, uniq_sigmund

Skill      XL: |  1  2 |
---------------+-------+-----
Spellcasting   | 2 |  2.1
Earth Magic    | 4 |  4.1
Dodging        | |  1.7
Stealth        | |  2.1
Transmutations | |  0.8

Action                   || total
-------------------------++-------
Melee: Spear             ||    53
       Dagger            ||     7
 Cast: Sandblast         ||    10
  Use: Scroll            ||     5
 Stab: Sleeping          ||     3
  Eat: Chunk             ||    10
Armor: Robe              ||    19
Dodge: Dodged            ||    44

Table legend:
 A = Non-vault XP
 B = Vault XP
 C = Vault XP percentage of total XP
 D = Non-vault monster count
 E = Vault monster count
 F = Vault count percentage of total count
                 A         B        C        D         E       F
            +---------+---------+-------+---------+---------+-------
      Total |      32 |       3 |   8.6 |      13 |       2 |  13.3
            +---------+---------+-------+---------+---------+-------
        D:1 |      12 |       3 |  20.0 |       7 |       2 |  22.2
        D:2 |       2 |       0 |   0.0 |       1 |       0 |   0.0
        D:3 |      18 |       0 |   0.0 |       5 |       0 |   0.0
            +---------+---------+-------+---------+---------+-------
